 Seeded DCSS version 0.26.1-2-gb8aa6d0cf2 (webtiles) character file.

Game seed: 13580442721858370627 (custom seed)

3134 jmmainvi the Covert (level 9, -2/39 HPs)
             Began as a Spriggan Enchanter on Feb 15, 2021.
             Was an Initiate of Gozag.
             Shot with an arrow by a centaur (13 damage)
             ... on level 8 of the Dungeon.
             The game lasted 00:42:09 (16995 turns).

jmmainvi the Covert (Spriggan Enchanter)           Turns: 16995, Time: 00:42:09

Health: -2/39      AC:  3    Str:  6    XL:     9   Next: 61%
Magic:  10/14      EV: 38    Int: 18    God:    Gozag
Gold:   1086       SH:  0    Dex: 16    Spells: 8/14 levels left

rFire    + . .     SeeInvis +   a - +2 dagger (speed)
rCold    + . .     Faith    .   (shield restricted)
rNeg     . . .     Spirit   .   A - +1 robe {rC+}
rPois    .         Reflect  .   (helmet restricted)
rElec    .         Harm     .   x - scarf {shadows}
rCorr    +         Rampage  .   (gloves unavailable)
Will     +....                  (boots unavailable)
Stlth    +++++.....             m - amulet of the acrobat
HPRegen  0.13/turn              j - ring of protection from fire
MPRegen  0.14/turn              q - ring of resist corrosion

@: acrobat, very quick
A: very small, unfitting armour, see invisible, speed 3
a: Renounce Religion, Potion Petition, Call Merchant, Bribe Branch


You were on level 8 of the Dungeon.
You worshipped Gozag.
Gozag was most pleased with you.
You visited 2 branches of the dungeon, and saw 9 of its levels.

You collected 1272 gold pieces.
You paid 186 gold pieces to Gozag.

Inventory:

Hand Weapons
 a - a +2 dagger of speed (weapon)
Missiles
 h - 7 datura-tipped darts
 G - 15 bolts
Armour
 v - a +2 cloak
 x - a scarf of shadows (worn)
 A - a +1 robe of cold resistance (worn)
Jewellery
 j - a ring of protection from fire (left hand)
 m - an amulet of the acrobat (around neck)
 q - a ring of resist corrosion (right hand)
 D - an uncursed ring of see invisible {unknown}
 E - an uncursed ring of willpower {unknown}
 F - an uncursed ring of protection from cold {unknown}
Wands
 B - a wand of iceblast (9)
 I - a wand of enslavement (12)
Scrolls
 e - a scroll of blinking {unknown}
 g - 5 scrolls of teleportation {unknown}
 i - 3 scrolls of amnesia {unknown}
 l - 2 scrolls of enchant armour {unknown}
 p - 2 scrolls of magic mapping {unknown}
 r - 2 scrolls of remove curse {unknown}
 t - 2 scrolls of random uselessness {unknown}
 y - 2 scrolls of enchant weapon {unknown}
 C - a scroll of vulnerability {unknown}
 H - a scroll of torment {unknown}
 J - a scroll of silence {unknown}
Potions
 c - 2 potions of might
 f - a potion of haste
 o - 4 potions of curing
 s - a potion of resistance
 u - 2 potions of heal wounds
 w - 4 potions of brilliance
 z - a potion of mutation


   Skills:
 - Level 1.4 Short Blades
 + Level 7.2 Dodging
 + Level 12.2 Stealth
 - Level 3.0 Spellcasting
 * Level 11.0 Hexes
 - Level 4.0 Ice Magic


You had 8 spell levels left.
You knew the following spells:

 Your Spells              Type           Power        Failure   Level
a - Corona                Hex            23%          1%          1
b - Ensorcelled Hibernat  Hex/Ice        28%          1%          2
c - Tukima's Dance        Hex            21%          1%          3

Your spell library contained the following spells:

 Spells                   Type           Power        Failure   Level
 Confusing Touch          Hex            21%          1%          3
 Dazzling Flash           Conj/Hex       22%          4%          3
 Poisonous Vapours        Pois/Air       2%           24%         2
 Conjure Flame            Conj/Fire      1%           43%         3
 Mephitic Cloud           Conj/Pois/Air  1%           43%         3
 Freezing Cloud           Conj/Ice/Air   1%           100%        6


Dungeon Overview and Level Annotations

Branches:
Dungeon (8/15)             Temple (1/1) D:6
   Lair: D:8-11

Altars:
Ashenzari
Cheibriados
Dithmenos
Elyvilon
Gozag
Hepliaklqana
Kikubaaqudgha
Makhleb
Nemelex Xobeh
Okawaru
Qazlal
Ru
Sif Muna
Trog
Uskayaw
Vehumet
Wu Jian
Xom
Yredelemnul
Zin
The Shining One

Annotations:
D:3 2 transporters, Gadfly's ghost, amateur OgMo
D:6 exclusion: downstairs
D:7 Harold


Innate Abilities, Weirdness & Mutations

You are very small and have problems with some larger weapons.
You are too small for most types of armour.
You have supernaturally acute eyesight. (SInv)
You cover ground extremely quickly.


Message History

You hit the centaur but do no damage.
The centaur is moderately wounded.
The centaur misses you.
You barely miss the centaur.
The centaur is moderately wounded.
The centaur hits you with a +1 rapier of speed!
* * * LOW HITPOINT WARNING * * *
Casting: Corona (safe; 1% risk of failure)
Confirm with . or Enter, or press ? or * to list all spells.
Aiming: Ensorcelled Hibernation (safe; 1% risk of failure)
Press: ? - help, Shift-Dir - straight line, f/p - centaur
Aim: a centaur, wielding a +1 rapier of speed and quivering 16 arrows (moderately wounded, unusually resistant, softly glowing, not susceptible)
Okay, then.
Unknown command.
The centaur unwields a +1 rapier of speed.
The centaur wields a +0 shortbow.
The centaur shoots an arrow.
The arrow misses you.
The centaur shoots an arrow.
The arrow hits you!
You die...
Your body crumbles into a pile of gold.

###.#########################..##
#..............................#.
#..............................#.
#........####################..#.
##'####### .....#.....#.....#..#'
.........#......#.....#.....#..#.
.........#'###c.#..#..#..#..#..#.
.........# #..#.(#..#..#..#..#.
.........# #..@..#.....#.....#.
.........#$ #..(..#.....#....)#.
#######'########################.
........#........'....#..........
........#........#....#..........
........#........#....#..........
........#........######......####
........#........#8..#........##
..##..###....†...#_............#


You could see a centaur (resistant, corona).

Vanquished Creatures
  Duvessa (D:4)
  A sky beast (D:6)
  4 orc warriors
  A phantom (D:3)
  3 ogres
  2 centaurs
  5 bullfrogs
  A gnoll sergeant (D:7)
  Dowan (D:4)
  A killer bee (D:8)
  5 scorpions
  3 howler monkeys
  4 crimson imps
  2 jellies (D:8)
  A centaur zombie (D:6)
  A bullfrog skeleton (D:8)
  3 hounds
  A gnoll shaman (D:4)
  2 orc priests (D:6)
  2 orc wizards (D:7)
  5 worker ants
  An iguana (D:4)
  16 adders
  10 gnolls
  A howler monkey skeleton (D:6)
  12 river rats (D:5)
  3 shadow imps
  3 white imps
  An ufetubus (D:7)
  3 oozes
  2 adder skeletons
  A worm (D:4)
  3 dart slugs
  6 leopard geckos
  19 orcs
  7 bats
  8 giant cockroaches
  9 goblins
  5 hobgoblins
  15 jackals
  9 quokkas
  A ball python skeleton (D:4)
  5 frilled lizards
  7 kobolds
  A leopard gecko skeleton (D:4)
  A leopard gecko zombie (D:5)
  24 rats
222 creatures vanquished.

Vanquished Creatures (others)
  6 plants (D:3)
6 creatures vanquished.

Grand Total: 228 creatures vanquished

Notes
Turn   | Place    | Note
-------+----------+-------------------------------------------
     0 | D:1      | jmmainvi the Spriggan Enchanter began the quest for the
                  | Orb.
     0 | D:1      | Reached XP level 1. HP: 9/9 MP: 5/5
   180 | D:1      | Reached XP level 2. HP: 13/13 MP: 6/6
   183 | D:1      | Learned a level 2 spell: Ensorcelled Hibernation
   950 | D:1      | Reached skill level 5 in Stealth
  1189 | D:1      | Reached XP level 3. HP: 16/16 MP: 3/8
  1776 | D:2      | Reached skill level 1 in Ice Magic
  2177 | D:2      | Noticed an orc warrior
  2312 | D:3      | Reached XP level 4. HP: 18/21 MP: 4/9
  2384 | D:3      | Found a faded altar of an unknown god.
  2924 | D:3      | Reached skill level 6 in Stealth
  3170 | D:3      | Found a bloodstained altar of Trog.
  3292 | D:3      | Reached XP level 5. HP: 24/24 MP: 10/10
  3331 | D:3      | Found a transporter.
  3332 | D:3      | Found a transporter.
  3339 | D:3      | Noticed Gadfly's ghost (amateur OgMo)
  3641 | D:4      | Reached skill level 5 in Hexes
  4294 | D:4      | Noticed a phantom
  4491 | D:5      | Entered Level 5 of the Dungeon
  4756 | D:5      | Reached skill level 7 in Stealth
  4756 | D:5      | Reached XP level 6. HP: 28/28 MP: 6/11
  4819 | D:6      | Found a staircase to the Ecumenical Temple.
  4841 | Temple   | Entered the Ecumenical Temple
  5631 | D:6      | Found an ornate altar of the Wu Jian Council.
  6106 | D:7      | Reached XP level 7. HP: 32/32 MP: 12/12
  6374 | D:7      | Reached skill level 8 in Stealth
  7032 | D:8      | Found a broken altar of Ashenzari.
  7142 | D:7      | Noticed Harold
  7321 | D:8      | Found an opulent altar of Gozag.
  7337 | D:8      | Became a worshipper of Gozag Ym Sagoz the Greedy
  7589 | D:7      | Reached skill level 9 in Stealth
  8018 | D:1      | Found a sparkling altar of Nemelex Xobeh.
  9337 | D:3      | Found a bloodstained altar of Trog.
  9594 | D:3      | Found a transporter.
  9679 | D:3      | Reached XP level 8. HP: 21/36 MP: 9/13
  9834 | D:3      | Found a faded altar of an unknown god.
 10108 | D:3      | Found a transporter.
 10376 | D:4      | Noticed Dowan
 10381 | D:4      | Noticed Duvessa
 10382 | D:4      | Killed Dowan
 10514 | D:4      | Killed Duvessa
 10515 | D:4      | Reached skill level 10 in Stealth
 13018 | D:5      | Found a shimmering altar of Xom.
 13481 | D:5      | Reached skill level 11 in Stealth
 13496 | D:5      | Reached skill level 5 in Dodging
 14013 | D:6      | Found an ornate altar of the Wu Jian Council.
 14550 | D:6      | Found a staircase to the Ecumenical Temple.
 14578 | D:6      | Reached XP level 9. HP: 39/39 MP: 14/14
 16089 | D:8      | Reached skill level 10 in Hexes
 16251 | D:8      | Learned a level 3 spell: Tukima's Dance
 16377 | D:8      | Reached skill level 12 in Stealth
 16995 | D:8      | Shot with an arrow by a centaur

Illustrated notes

Levels and vault maps discovered:
D:1:      minmay_arrival_four_loops, layout_loops_corners,
          nemelex_diamond_rough_becter
D:2:      layout_basic, minmay_crystal_room
D:3:      minmay_razor_zed, layout_basic, gammafunk_ghost_gnarly_gnolls,
          chequers_ecumenical_altar_twisty, trog_three_pillars_becter
D:4:      cheibrodos_quashed, layout_basic, moated_statue, uniq_duvessa
D:5:      lemuel_ratsnest, layout_loops_cross, led_xom_imps
D:6:      layout_gridville, temple_doors_cd, basic_altar, nrook_campfire
D:7:      layout_basic, kennysheep_doodads, minivault_1,
          nemelex_lonely_heart_becter, uniq_harold
D:8:      kennysheep_windowed_halls, layout_gridville, grunt_gozag_breadcrumbs,
          lemuel_crystal_altar, lair_entry_dummy
Temple:   dpeg_five_rooms_temple

Skill      XL: |  1  2  3  4  5  6  7  8  9 |
---------------+----------------------------+-----
Spellcasting   | 3 |  3.0
Hexes          | 4 5 6 7 9 11 | 11.0
Stealth        | 5 6 7 9 11 12 | 12.2
Ice Magic      | 1 2 3 4 |  4.0
Dodging        | 5 7 |  7.2
Short Blades   | |  1.4

Action                   |  1- 3 |  4- 6 |  7- 9 || total
-------------------------+-------+-------+-------++-------
Melee: Dagger            |    56 |    96 |   316 ||   468
 Cast: Corona            |     1 |     1 |    19 ||    21
       Ensorcelled Hiber |    22 |    53 |   158 ||   233
Evoke: Wand              |       |       |    10 ||    10
  Use: Scroll            |       |       |     8 ||     8
 Stab: Sleeping          |    25 |    49 |   109 ||   183
       Distracted        |       |       |     3 ||     3
Armor: Robe              |     7 |     9 |     9 ||    25
Dodge: Dodged            |    28 |    72 |   235 ||   335
